 Dungeon Sprint DCSS version 0.17-a0-1951-g62301d3 (webtiles) character file.

332 Kidiri the Covert (level 6, -1/25 HPs)
             Began as a Spriggan Enchanter on Oct 2, 2015.
             Slain by a spatial vortex (26 damage)
             ... in the Dungeon (Sprint III: "The Ten Rune Challenge").
             The game lasted 00:03:06 (621 turns).

Kidiri the Covert (Spriggan Enchanter)               Turns: 621, Time: 00:03:06

Health: -1/25      AC:  3    Str:  4    XL:     6   Next: 26%
Magic:  17/17      EV: 24    Int: 17    God:
Gold:   24         SH:  0    Dex: 18    Spells: 5 memorised, 7 levels left

rFire  . . .     SeeInvis +     a - +1 dagger
rCold  . . .     Clarity  .     b - +1 robe
rNeg   . . .     SustAt   .     (shield restricted)
rPois  .         Gourm    .     (helmet restricted)
rElec  .         Spirit   .     (no cloak)
rCorr  .         Warding  .     (gloves unavailable)
rMut   .         NoTele   +     (boots unavailable)
MR     +....                    (no amulet)
Stlth  +++++.....               (no ring)
                                (no ring)

@: very quick, somewhat resistant to hostile enchantments, quite stealthy
A: unfitting armour, claws 1, see invisible, blink, deterioration 1, herbivore
3, speed 3, frail 1, slow metabolism 2
a: Blink


You were in the Dungeon.
You were not hungry.

You visited 1 branch You collected 24 gold pieces.

Inventory:

Hand weapons
 a - a +1 dagger (weapon)
Armour
 b - a +1 robe (worn)
Scrolls
 j - a scroll of blinking
 l - a scroll of holy word
 m - a scroll of identify
 n - 3 scrolls of remove curse
 r - a scroll of torment
Potions
 e - a potion of curing
 f - a potion of heal wounds
 g - a potion of haste
 h - 2 potions of magic
 p - 2 potions of cure mutation {unknown}
 q - 4 potions of flight
Comestibles
 d - a bread ration
 o - 3 royal jellies


   Skills:
 * Level 6.2 Short Blades
 + Level 2.7 Armour
 * Level 8.4 Dodging
 * Level 9.8 Stealth
 * Level 7.0 Spellcasting
 + Level 2.0 Conjurations
 + Level 5.9 Hexes
 + Level 2.6 Ice Magic


You had 7 spell levels left.
You knew the following spells:

 Your Spells              Type           Power        Failure   Level  Hunger
a - Corona                Hex            ####...      1%          1    None
b - Ensorcelled Hibernat  Hex/Ice        ###...       2%          2    None
c - Confuse               Hex            ####....     3%          3    ##.....
d - Tukima's Dance        Hex            ####....     3%          3    ##.....
e - Dazzling Spray        Conj/Hex       ###.....     10%         3    ##.....


Dungeon Overview and Level Annotations

Branches:
Dungeon (1/1)

Altars:
Dithmenos
Gozag
Makhleb
Nemelex Xobeh
Qazlal
Ru
Xom
Jiyva
Lugonu


Innate Abilities, Weirdness & Mutations

You are tiny and cannot use many weapons and most armour.
You have supernaturally acute eyesight.
You are a herbivore.
You cover ground extremely quickly.
You need consume almost no food.
You have sharp fingernails.
You can translocate small distances at will.
Your body sometimes deteriorates upon taking damage.
You are frail (-10% HP).


Message History

Your Spellcasting skill increases to level 7!
Your Conjurations skill increases to level 2!
Unknown command.
o - 3 royal jellies (gained 1)
You aren't carrying or standing over any spellbooks.
Unknown command.
Unknown command.
Unknown command.
You start resting.
Magic restored.
Unknown command.
You open the door.
Found a stormy altar of Qazlal.
A spatial vortex comes into view.
Found a plain deck of cards.
Found eight altars.
There is an open door here.
There is a sacrificial altar of Ru here.
The spatial vortex hits you!!
Ouch! That really hurt!
You die...

...#####..#
.)..#:.#..#
#...#..#..###+#+###+##
##..##+#..#..........#
##..###...'.⌠........#
#..####...#...######'#
#..###....#.⌠.#__#...#
...##.....#...#v_#...#
..%#......#+###_@#...#
.##.#.....# #__#...+
.#####....# #_.'...#
▓▓ ▓▓▓▓▓▓ ▓▓▓▓▓▓▓▓


You could see a spatial vortex.

Vanquished Creatures
  A shadow (D)
  A water elemental (D)
  A jelly (D)
  Jessica (D)
  A wolf (D)
  A human (D)
  An ooze (D)
  2 rats (D)
9 creatures vanquished.

Vanquished Creatures (others)
  2 draconian scorchers (D)
  A yaktaur (D)
3 creatures vanquished.

Grand Total: 12 creatures vanquished

Notes
Turn   | Place    | Note
--------------------------------------------------------------
     0 | D        | Kidiri the Spriggan Enchanter began the quest for the Orb.
     0 | D        | Reached XP level 1. HP: 9/9 MP: 5/5
    34 | D        | Noticed Jessica
    40 | D        | Killed a yaktaur
    44 | D        | Killed Jessica
    44 | D        | Reached skill level 1 in Armour
    44 | D        | Reached skill level 6 in Stealth
    44 | D        | Reached XP level 2. HP: 11/13 MP: 5/8
    44 | D        | Reached XP level 3. HP: 13/16 MP: 5/9
    48 | D        | Learned a level 2 spell: Ensorcelled Hibernation
    52 | D        | Learned a level 3 spell: Confuse
    56 | D        | Learned a level 3 spell: Tukima's Dance
   191 | D        | Noticed a wolf
   194 | D        | Killed a wolf
   194 | D        | Reached skill level 5 in Dodging
   196 | D        | Killed a white draconian scorcher
   199 | D        | Killed a white draconian scorcher
   393 | D        | Reached skill level 7 in Stealth
   393 | D        | Reached skill level 1 in Ice Magic
   393 | D        | Reached XP level 4. HP: 17/21 MP: 3/11
   398 | D        | Learned a level 3 spell: Dazzling Spray
   455 | D        | Gained mutation: You have sharp fingernails. [potion of mutation]
   455 | D        | Gained mutation: You are somewhat resistant to further mutation. [potion of mutation]
   455 | D        | Gained mutation: You are frail (-10% HP). [potion of mutation]
   472 | D        | Noticed a water elemental
   489 | D        | Killed a water elemental
   489 | D        | Reached skill level 8 in Stealth
   489 | D        | Reached skill level 5 in Spellcasting
   489 | D        | Reached skill level 5 in Hexes
   501 | D        | Lost mutation: You are somewhat resistant to further mutation. [potion of mutation]
   501 | D        | Gained mutation: You can translocate small distances at will. [potion of mutation]
   501 | D        | Gained mutation: Your body sometimes deteriorates upon taking damage. [potion of mutation]
   573 | D        | Noticed a jelly
   574 | D        | Noticed a shadow
   576 | D        | Killed a shadow
   576 | D        | Reached skill level 9 in Stealth
   576 | D        | Reached skill level 1 in Conjurations
   576 | D        | Reached XP level 5. HP: 21/21 MP: 13/15
   576 | D        | Reached XP level 6. HP: 25/25 MP: 13/16
   579 | D        | Killed a jelly
   618 | D        | Found a stormy altar of Qazlal.
   619 | D        | Found a sacrificial altar of Ru.
   619 | D        | Found a burning altar of Makhleb.
   619 | D        | Found a viscous altar of Jiyva.
   619 | D        | Found a shimmering altar of Xom.
   619 | D        | Found a shadowy altar of Dithmenos.
   619 | D        | Found a sparkling altar of Nemelex Xobeh.
   619 | D        | Found a corrupted altar of Lugonu.
   619 | D        | Found an opulent altar of Gozag.
   619 | D        | Noticed a spatial vortex
   621 | D        | Slain by a spatial vortex

Vault maps used:
D:        dungeon_sprint_mu

Action                   |  1- 3 |  4- 6 || total
-------------------------+-------+-------++-------
Melee: Dagger            |    15 |    12 ||    27
 Cast: Corona            |     1 |       ||     1
       Ensorcelled Hiber |     3 |     1 ||     4
       Confuse           |     2 |       ||     2
       Dazzling Spray    |       |     1 ||     1
  Use: Scroll            |       |     3 ||     3
       Potion            |       |     3 ||     3
 Stab: Sleeping          |     4 |     2 ||     6
       Confused          |     2 |       ||     2
